[Event "FIDE WYCC Open U18 2023"]
[Site "Montesilvano"]
[Date "2023.11.24"]
[Round "11.6"]
[White "Bacojo, Mark Jay"]
[Black "Amilal Munkhdalai"]
[Result "1-0"]
[ECO "C00"]
[WhiteElo "2335"]
[BlackElo "2404"]
[Annotator "RC"]
[PlyCount "101"]
[EventDate "2023.11.13"]
[EventType "swiss"]
[EventCountry "ITA"]
[SourceTitle "playchess.com"]
[Source "ChessBase"]
[SourceQuality "1"]
[TimeControl "40/5400+30:1800+30"]

1. e4 c5 2. Nf3 e6 3. g3 Nc6 4. Bg2 Nf6 5. Qe2 d5 6. d3 Be7 7. O-O O-O 8. e5 Nd7 9. h4 b5 10. Bf4 a5 11. Nbd2 b4 12. Rae1 Ba6 13. Ng5 h6 14. Nh3 Nd4 15. Qg4 Kh7 16. Rc1 Nf5 17. Rfe1 Nb6 18. Nf1 g6 19. Ne3 Ng7 20. Kh2 Ra7 21. Rh1 Bc8 22. Qe2 Rh8 23. Kg1 Kg8 24. Ng4 Nf5 25. h5 g5 26. Bd2 d4 27. Kh2 Bb7 28. Be4 Ng7 29. f4 Nxh5 30. Kg2 gxf4 31. Nxf4 Nxf4+ 32. Bxf4 Bxe4+ 33. dxe4 Kf8 34. Bxh6+ Ke8 35. Bg5 Rxh1 36. Rxh1 Kd7 37. Qb5+ Kc7 38. Bxe7 Qxe7 39. Nf6 Ra8 40. c3 dxc3 41. bxc3 Kb7 42. cxb4 axb4 43. Rd1 Rxa2+ 44. Kh3 Ka7 45. Rd6 Qc7 46. Rc6 Qb7 47. Qxc5 Qb8 48. Qxb4 Qd8 49. Qd6 Rd2 50. Rc7+ Ka6 51. Qa3+ 1-0

[Event "FIDE WYCC Open U18 2023"]
[Site "Montesilvano"]
[Date "2023.11.24"]
[Round "11.7"]
[White "Czernek, Tymon"]
[Black "Dzida, Kamil"]
[Result "1/2-1/2"]
[ECO "B31"]
[WhiteElo "2329"]
[BlackElo "2399"]
[Annotator "RC"]
[PlyCount "126"]
[EventDate "2023.11.13"]
[EventType "swiss"]
[EventCountry "ITA"]
[SourceTitle "playchess.com"]
[Source "ChessBase"]
[SourceQuality "1"]
[TimeControl "40/5400+30:1800+30"]

1. e4 c5 2. Nf3 Nc6 3. Bb5 g6 4. O-O Bg7 5. Re1 Nf6 6. c3 O-O 7. d4 d5 8. exd5 Qxd5 9. c4 Qd6 10. d5 Nd4 11. Nxd4 cxd4 12. Nd2 a6 13. Ba4 b5 14. cxb5 Nxd5 15. Ne4 Qb6 16. bxa6 Bxa6 17. Bb3 Rad8 18. Bg5 h6 19. Bxd5 hxg5 20. Bb3 d3 21. Qd2 Qd4 22. Nxg5 e6 23. Rxe6 Bc4 24. Re4 Qxb2 25. Qxb2 Bxb2 26. Rd1 Bxb3 27. axb3 Rd5 28. Nf3 Rb8 29. Re3 Rxb3 30. Ne1 Rb6 31. Rexd3 Rdb5 32. Rb1 Bf6 33. Rxb5 Rxb5 34. Rd1 Kg7 35. g3 Rb2 36. Nd3 Ra2 37. Nf4 Be5 38. Nd5 Bb8 39. Nb4 Rb2 40. Nc6 Bc7 41. Rd3 Bb6 42. Rf3 f5 43. Ne5 Bd4 44. Nd3 Rd2 45. h4 g5 46. hxg5 Kg6 47. Kg2 Kxg5 48. Nf4 Bb6 49. Nh3+ Kg6 50. Ra3 Rb2 51. Rc3 Bd4 52. Rc6+ Kg7 53. Kf3 Ra2 54. Rd6 Ba7 55. Kg2 Bb8 56. Rb6 Ba7 57. Rb3 Kf6 58. Rf3 Kg6 59. Nf4+ Kg5 60. Ne6+ Kf6 61. Nf4 Kg5 62. Nd5 Rd2 63. Ne7 Rxf2+ 1/2-1/2

[Event "FIDE WYCC Open U18 2023"]
[Site "Montesilvano"]
[Date "2023.11.24"]
[Round "11.8"]
[White "Pasti, Aron"]
[Black "Cesar Maestre, Bernardo"]
[Result "1-0"]
[ECO "B90"]
[WhiteElo "2397"]
[BlackElo "2373"]
[Annotator "RC"]
[PlyCount "99"]
[EventDate "2023.11.13"]
[EventType "swiss"]
[EventCountry "ITA"]
[SourceTitle "playchess.com"]
[Source "ChessBase"]
[SourceQuality "1"]
[TimeControl "40/5400+30:1800+30"]

1. e4 c5 2. Nf3 d6 3. d4 cxd4 4. Nxd4 Nf6 5. Nc3 a6 6. h3 e5 7. Nb3 Be7 8. Be3 Be6 9. Qf3 Nbd7 10. O-O-O Rc8 11. Nd5 Bxd5 12. exd5 Nb6 13. g4 Qc7 14. c3 Nc4 15. Bd3 O-O 16. h4 Rfe8 17. Bf5 Nd7 18. h5 h6 19. Nd2 Nxe3 20. fxe3 Rb8 21. Bxd7 Qxd7 22. Ne4 f6 23. Rhf1 Rf8 24. Qf5 Qxf5 25. gxf5 Rfc8 26. b3 b5 27. Kd2 Kf7 28. Kd3 Rb7 29. Rc1 Ke8 30. Rg1 Bf8 31. Rc2 Rbc7 32. Rgc1 Kd7 33. a3 Be7 34. c4 bxc4+ 35. Rxc4 Rxc4 36. Rxc4 Rb8 37. Rb4 Rxb4 38. axb4 Kc7 39. Kc3 Kb7 40. Kb2 Kb6 41. Ka3 Kb5 42. Nc3+ Kb6 43. Ka4 Bd8 44. Ne4 Bc7 45. Nd2 Kb7 46. e4 Bb8 47. Nc4 Kc7 48. b5 axb5+ 49. Kxb5 Kb7 50. Na5+ 1-0

[Event "FIDE WYCC Open U18 2023"]
[Site "Montesilvano"]
[Date "2023.11.24"]
[Round "11.9"]
[White "Ilamparthi A R"]
[Black "Kenbeilov, Timur"]
[Result "0-1"]
[ECO "B22"]
[WhiteElo "2385"]
[BlackElo "2044"]
[Annotator "RC"]
[PlyCount "88"]
[EventDate "2023.11.13"]
[EventType "swiss"]
[EventCountry "ITA"]
[SourceTitle "playchess.com"]
[Source "ChessBase"]
[SourceQuality "1"]
[TimeControl "40/5400+30:1800+30"]

1. e4 c5 2. c3 Nf6 3. e5 Nd5 4. Nf3 d6 5. Bb5+ Bd7 6. Bc4 e6 7. d4 Nb6 8. Bd3 Bc6 9. Qe2 N8d7 10. O-O Qc7 11. Bf4 c4 12. Bc2 Bxf3 13. Qxf3 dxe5 14. dxe5 Nxe5 15. Qg3 Bd6 16. Qxg7 O-O-O 17. Bg3 h5 18. Na3 Rdg8 19. Qf6 Nd5 20. Qh4 Rg4 21. Nb5 Qb6 22. Nxd6+ Qxd6 23. Qh3 f5 24. f3 Nf4 25. Bxf4 Rxf4 26. Qg3 Nd3 27. b3 h4 28. Qg5 h3 29. g3 Qc5+ 30. Kh1 Nf2+ 31. Rxf2 Qxf2 32. gxf4 Qxf3+ 33. Kg1 Qe3+ 34. Kf1 Qxc3 35. Rd1 Qxc2 36. Rd4 cxb3 37. axb3 Qxb3 38. Qg7 Rd8 39. Rxd8+ Kxd8 40. Qf8+ Kd7 41. Qf7+ Kd6 42. Qf8+ Kd5 43. Qd8+ Ke4 44. Qd6 Qd3+ 0-1

[Event "FIDE WYCC Open U18 2023"]
[Site "Montesilvano"]
[Date "2023.11.24"]
[Round "11.10"]
[White "Orozbaev, Eldiar"]
[Black "Bai, Adelard"]
[Result "0-1"]
[ECO "C22"]
[WhiteElo "2278"]
[BlackElo "2384"]
[Annotator "RC"]
[PlyCount "44"]
[EventDate "2023.11.13"]
[EventType "swiss"]
[EventCountry "ITA"]
[SourceTitle "playchess.com"]
[Source "ChessBase"]
[SourceQuality "1"]
[TimeControl "40/5400+30:1800+30"]

1. e4 e5 2. Nc3 Nf6 3. d4 exd4 4. Qxd4 Nc6 5. Qd3 Bb4 6. Bd2 O-O 7. O-O-O Re8 8. Qg3 Rxe4 9. a3 Rg4 10. Qh3 Bxc3 11. Bxc3 d5 12. f3 Rd4 13. g4 Rxd1+ 14. Kxd1 d4 15. Bd2 Qd5 16. Qg2 Qa2 17. Bc1 Nd5 18. Bd3 Ne3+ 19. Bxe3 dxe3 20. Qh3 g6 21. Qh6 Qb1+ 22. Ke2 Nd4+ 0-1

[Event "FIDE WYCC Open U18 2023"]
[Site "Montesilvano"]
[Date "2023.11.24"]
[Round "11.11"]
[White "Galaviz Medina, Sion Radamantys"]
[Black "Eidelman, Gabriel"]
[Result "1-0"]
[ECO "D24"]
[WhiteElo "2461"]
[BlackElo "2284"]
[Annotator "RC"]
[PlyCount "47"]
[EventDate "2023.11.13"]
[EventType "swiss"]
[EventCountry "ITA"]
[SourceTitle "playchess.com"]
[Source "ChessBase"]
[SourceQuality "1"]
[TimeControl "40/5400+30:1800+30"]

1. d4 Nf6 2. c4 e6 3. Nc3 d5 4. Nf3 dxc4 5. e4 b5 6. e5 Nd5 7. Nxb5 Nb6 8. Be2 Nc6 9. O-O Be7 10. Qd2 Bb7 11. Rd1 Qd7 12. a4 Nb4 13. Qf4 a6 14. Nc3 g5 15. Nxg5 Bxg5 16. Qxg5 Nc2 17. d5 Nxa1 18. Ne4 Nxd5 19. Nf6+ Nxf6 20. Qxf6 Qxd1+ 21. Bxd1 Rg8 22. Bg5 Rxg5 23. Qxg5 Rd8 24. Bh5 1-0

[Event "FIDE WYCC Open U18 2023"]
[Site "Montesilvano"]
[Date "2023.11.24"]
[Round "11.12"]
[White "Chyzy, Jakub"]
[Black "Arfan, Aditya Bagus"]
[Result "1-0"]
[ECO "B42"]
[WhiteElo "2286"]
[BlackElo "2415"]
[Annotator "RC"]
[PlyCount "51"]
[EventDate "2023.11.13"]
[EventType "swiss"]
[EventCountry "ITA"]
[SourceTitle "playchess.com"]
[Source "ChessBase"]
[SourceQuality "1"]
[TimeControl "40/5400+30:1800+30"]

1. e4 c5 2. Nf3 e6 3. d4 cxd4 4. Nxd4 a6 5. Bd3 b5 6. O-O Bb7 7. a4 Nc6 8. Be3 Nf6 9. axb5 axb5 10. Rxa8 Bxa8 11. Nxb5 d5 12. N1c3 dxe4 13. Nxe4 Nb4 14. Nxf6+ gxf6 15. Qa1 Bxg2 16. Kxg2 Nxd3 17. cxd3 Qd5+ 18. f3 Qxb5 19. Qa8+ Kd7 20. Qa7+ Ke8 21. Rc1 Be7 22. Rc8+ Bd8 23. Rxd8+ Kxd8 24. Bb6+ Ke8 25. Qb8+ Ke7 26. Bd8+ 1-0

[Event "FIDE WYCC Open U18 2023"]
[Site "Montesilvano"]
[Date "2023.11.24"]
[Round "11.13"]
[White "Lamaze, Simon"]
[Black "Vasynda, Oleksandr"]
[Result "1/2-1/2"]
[ECO "E07"]
[WhiteElo "2415"]
[BlackElo "2001"]
[Annotator "RC"]
[PlyCount "60"]
[EventDate "2023.11.13"]
[EventType "swiss"]
[EventCountry "ITA"]
[SourceTitle "playchess.com"]
[Source "ChessBase"]
[SourceQuality "1"]
[TimeControl "40/5400+30:1800+30"]

1. d4 d5 2. c4 e6 3. Nf3 Nf6 4. g3 Be7 5. Bg2 O-O 6. Nc3 c6 7. O-O Nbd7 8. b3 b6 9. Bb2 Bb7 10. Re1 c5 11. cxd5 Nxd5 12. Nxd5 Bxd5 13. e4 Bb7 14. Ne5 Nxe5 15. dxe5 Qxd1 16. Raxd1 Rfd8 17. f3 Ba6 18. Bf1 Bxf1 19. Kxf1 Rxd1 20. Rxd1 Rd8 21. Rxd8+ Bxd8 22. a4 Kf8 23. Ke2 Ke8 24. Kd3 Kd7 25. f4 g6 26. Bc3 a6 27. Be1 b5 28. axb5 axb5 29. Bd2 Kc6 30. h3 Bb6 1/2-1/2

[Event "FIDE WYCC Open U18 2023"]
[Site "Montesilvano"]
[Date "2023.11.24"]
[Round "11.14"]
[White "Unneland, Mathias"]
[Black "Tadic, Stefan"]
[Result "1/2-1/2"]
[ECO "D16"]
[WhiteElo "2197"]
[BlackElo "2407"]
[Annotator "RC"]
[PlyCount "75"]
[EventDate "2023.11.13"]
[EventType "swiss"]
[EventCountry "ITA"]
[SourceTitle "playchess.com"]
[Source "ChessBase"]
[SourceQuality "1"]
[TimeControl "40/5400+30:1800+30"]

1. d4 d5 2. c4 c6 3. Nf3 Nf6 4. Nc3 dxc4 5. a4 e6 6. e3 c5 7. Bxc4 cxd4 8. exd4 Nc6 9. O-O Be7 10. Qe2 O-O 11. Rd1 Nb4 12. Bg5 Bd7 13. d5 exd5 14. Nxd5 Nbxd5 15. Bxd5 Nxd5 16. Rxd5 Bxg5 17. Nxg5 h6 18. Rad1 hxg5 19. Rxd7 Qb6 20. h3 Rac8 21. Qb5 Qxb5 22. axb5 b6 23. R1d5 Rc1+ 24. Kh2 Rc2 25. Rxa7 Rxf2 26. Rxg5 Rc8 27. Rb7 Rf6 28. b4 g6 29. Rg4 Rc2 30. h4 Kh7 31. Kh3 Kh6 32. Rg3 Rb2 33. Rf3 Rxf3+ 34. gxf3 Rxb4 35. Rxb6 Kh5 36. Rf6 Rxh4+ 37. Kg3 Rb4 38. Rxf7 1/2-1/2

[Event "FIDE WYCC Open U18 2023"]
[Site "Montesilvano"]
[Date "2023.11.24"]
[Round "11.15"]
[White "Chen, Hongsen"]
[Black "Talibov, Shiroghlan"]
[Result "1-0"]
[ECO "E05"]
[WhiteElo "2061"]
[BlackElo "2362"]
[Annotator "RC"]
[PlyCount "123"]
[EventDate "2023.11.13"]
[EventType "swiss"]
[EventCountry "ITA"]
[SourceTitle "playchess.com"]
[Source "ChessBase"]
[SourceQuality "1"]
[TimeControl "40/5400+30:1800+30"]

1. d4 Nf6 2. c4 e6 3. Nf3 d5 4. g3 Be7 5. Bg2 O-O 6. O-O dxc4 7. Ne5 Nd5 8. Nxc4 b5 9. Ne5 Bb7 10. Qb3 b4 11. Nc3 c6 12. Na4 Ba6 13. Bf3 Bb5 14. Bd2 Na6 15. Rfc1 Rc8 16. Nd3 Re8 17. a3 bxa3 18. bxa3 Rb8 19. Qc2 Bd6 20. Nab2 Rc8 21. Nc4 Bf8 22. a4 Nb8 23. Na5 Bxd3 24. Qxd3 Nb4 25. Bxb4 Bxb4 26. Nxc6 Nxc6 27. Rxc6 Rxc6 28. Bxc6 Rf8 29. Rc1 g6 30. e4 Qe7 31. d5 exd5 32. Bxd5 Rd8 33. Qd4 Ba5 34. Rc6 Bb6 35. Qc3 Rd6 36. Rc8+ Rd8 37. Rc4 a5 38. Kg2 Rd6 39. h4 h5 40. Rc8+ Rd8 41. Rc4 Rd6 42. Qb2 Rf6 43. Rc8+ Kh7 44. f4 Bd8 45. Rb8 Rd6 46. Qf2 Rd7 47. Ra8 Qf6 48. Qe2 Qd4 49. f5 Kg7 50. fxg6 fxg6 51. Qf3 Qe5 52. Ra6 Qe7 53. Re6 Qb4 54. Rxg6+ Kxg6 55. Qf5+ Kh6 56. Qe6+ Bf6 57. Qxf6+ Kh7 58. Qf5+ Kh8 59. Qxh5+ Kg7 60. Qg5+ Kh7 61. Qg8+ Kh6 62. Qe6+ 1-0

[Event "FIDE WYCC Open U18 2023"]
[Site "Montesilvano"]
[Date "2023.11.24"]
[Round "11.16"]
[White "Baranciuc, Alexandr"]
[Black "Schouten, Mathias Lind"]
[Result "1/2-1/2"]
[ECO "D78"]
[WhiteElo "2338"]
[BlackElo "2175"]
[Annotator "RC"]
[PlyCount "133"]
[EventDate "2023.11.13"]
[EventType "swiss"]
[EventCountry "ITA"]
[SourceTitle "playchess.com"]
[Source "ChessBase"]
[SourceQuality "1"]
[TimeControl "40/5400+30:1800+30"]

1. c4 g6 2. Nf3 Bg7 3. d4 Nf6 4. g3 c6 5. Bg2 d5 6. Nbd2 O-O 7. O-O a5 8. a4 Na6 9. b3 Qb6 10. e3 Nb4 11. Ba3 Bf5 12. Bxb4 Qxb4 13. Ne5 Rad8 14. f4 Ng4 15. Nxg4 Bxg4 16. Qxg4 Qxd2 17. Rae1 Qb4 18. cxd5 cxd5 19. Qd1 e6 20. Qd3 Rc8 21. Rc1 Qa3 22. Rc2 Rfd8 23. g4 b6 24. f5 Rxc2 25. Qxc2 Qe7 26. fxg6 hxg6 27. Rc1 Bh6 28. Qf2 Qg5 29. Rc7 Qxe3 30. h4 Bf4 31. Rc6 Bh2+ 32. Kf1 Qd3+ 33. Qe2 Qxd4 34. Qf3 Qg1+ 35. Ke2 d4 36. Bf1 Be5 37. h5 Qh2+ 38. Kd1 Bf4 39. Rc2 Qg3 40. Qxg3 Bxg3 41. hxg6 fxg6 42. Rc6 Rd6 43. Rxd6 Bxd6 44. Ke2 Kf7 45. Kf3 Be5 46. Ke4 Bf6 47. Ba6 Ke7 48. Bb5 Kd6 49. Be8 g5 50. Bf7 Bh8 51. Be8 Kc5 52. Bf7 e5 53. Kd3 Kb4 54. Bd5 Bg7 55. Kc2 b5 56. axb5 Kxb5 57. Be4 Bf8 58. Bh7 Bb4 59. Bg6 Be1 60. Bh7 Bg3 61. Bg6 Kb4 62. Bh7 d3+ 63. Bxd3 Kc5 64. Bh7 Kd4 65. Kd2 e4 66. Ke2 Ke5 67. Bf5 1/2-1/2

[Event "FIDE WYCC Open U18 2023"]
[Site "Montesilvano"]
[Date "2023.11.24"]
[Round "11.17"]
[White "Elmi, Saad Abobaker"]
[Black "Vrashank Chouhan"]
[Result "1-0"]
[ECO "C07"]
[WhiteElo "2321"]
[BlackElo "1898"]
[Annotator "RC"]
[PlyCount "25"]
[EventDate "2023.11.13"]
[EventType "swiss"]
[EventCountry "ITA"]
[SourceTitle "playchess.com"]
[Source "ChessBase"]
[SourceQuality "1"]
[TimeControl "40/5400+30:1800+30"]

1. e4 e6 2. d4 d5 3. Nd2 c5 4. Ngf3 cxd4 5. Nxd4 Nc6 6. Bb5 Bd7 7. Nxc6 Bxc6 8. Bxc6+ bxc6 9. O-O Nf6 10. Qe2 Be7 11. c4 O-O 12. b3 a5 13. Bb2 1-0

[Event "FIDE WYCC Open U18 2023"]
[Site "Montesilvano"]
[Date "2023.11.24"]
[Round "11.18"]
[White "Razafindratsima, Timothe"]
[Black "Kienboeck, Benjamin"]
[Result "1-0"]
[ECO "B12"]
[WhiteElo "2462"]
[BlackElo "2228"]
[Annotator "RC"]
[PlyCount "59"]
[EventDate "2023.11.13"]
[EventType "swiss"]
[EventCountry "ITA"]
[SourceTitle "playchess.com"]
[Source "ChessBase"]
[SourceQuality "1"]
[TimeControl "40/5400+30:1800+30"]

1. e4 c6 2. d4 d5 3. e5 c5 4. dxc5 e6 5. c3 Nd7 6. Nf3 Bxc5 7. Nbd2 Ne7 8. Nb3 Bb6 9. Bd3 Bc7 10. Qe2 b6 11. O-O Bb7 12. Bf4 Nc5 13. Nxc5 bxc5 14. b4 d4 15. bxc5 dxc3 16. Ng5 Nd5 17. Nf3 Ne7 18. Ng5 Nd5 19. Nf3 Ne7 20. Ng5 Nd5 21. Nf3 Ne7 22. Ng5 Nd5 23. Nf3 Ne7 24. Ng5 Nd5 25. Nf3 Ne7 26. Ng5 Nd5 27. Qh5 Ne7 28. Qe2 Nd5 29. Qh5 Qe7 30. Bb5+ 1-0

[Event "FIDE WYCC Open U18 2023"]
[Site "Montesilvano"]
[Date "2023.11.24"]
[Round "11.19"]
[White "Pozzari, Simone"]
[Black "Kostolansky, Sebastian Lukas"]
[Result "1/2-1/2"]
[ECO "E09"]
[WhiteElo "2186"]
[BlackElo "2427"]
[Annotator "RC"]
[PlyCount "29"]
[EventDate "2023.11.13"]
[EventType "swiss"]
[EventCountry "ITA"]
[SourceTitle "playchess.com"]
[Source "ChessBase"]
[SourceQuality "1"]
[TimeControl "40/5400+30:1800+30"]

1. d4 Nf6 2. c4 e6 3. Nf3 d5 4. g3 Be7 5. Bg2 O-O 6. O-O c6 7. Nbd2 b6 8. Qc2 Bb7 9. e4 dxc4 10. Nxc4 Nbd7 11. Rd1 c5 12. Nfe5 cxd4 13. Rxd4 Qc8 14. Rd1 Qd8 15. Rd4 1/2-1/2

[Event "FIDE WYCC Open U18 2023"]
[Site "Montesilvano"]
[Date "2023.11.24"]
[Round "11.20"]
[White "Colbow, Collin"]
[Black "Loftgaard, Mikkel Vinh"]
[Result "1-0"]
[ECO "B23"]
[WhiteElo "2403"]
[BlackElo "2225"]
[Annotator "RC"]
[PlyCount "85"]
[EventDate "2023.11.13"]
[EventType "swiss"]
[EventCountry "ITA"]
[SourceTitle "playchess.com"]
[Source "ChessBase"]
[SourceQuality "1"]
[TimeControl "40/5400+30:1800+30"]

1. e4 c5 2. Nc3 d6 3. d4 cxd4 4. Qxd4 Nc6 5. Qd2 Nf6 6. g3 e6 7. Bg2 Be7 8. Nge2 a6 9. O-O O-O 10. b3 Qc7 11. Bb2 b5 12. a4 b4 13. Nd1 Bb7 14. Ndc3 Bc8 15. Nd1 Bb7 16. Ne3 Bc8 17. Nd1 Bb7 18. Ne3 Bc8 19. Nd1 Bb7 20. Ne3 a5 21. c4 bxc3 22. Nxc3 Ba6 23. Nb5 Bxb5 24. axb5 Nb4 25. e5 Nfd5 26. Nxd5 exd5 27. Bxd5 Nxd5 28. Qxd5 Qc5 29. Rfd1 dxe5 30. Qxe5 Qxe5 31. Bxe5 Ra7 32. Rd5 Bf6 33. Bxf6 gxf6 34. Ra4 Rc8 35. Rf5 Rf8 36. Rd5 Rc8 37. Rf5 Rf8 38. Rd5 Rc8 39. Rf5 Rb7 40. Rxa5 Kg7 41. Ra4 Kg8 42. Ra5 Kg7 43. Ra4 1-0

[Event "FIDE WYCC Open U18 2023"]
[Site "Montesilvano"]
[Date "2023.11.24"]
[Round "11.21"]
[White "Jiang, Qinyu"]
[Black "Frank, Adam"]
[Result "1-0"]
[ECO "B72"]
[WhiteElo "2247"]
[BlackElo "2330"]
[Annotator "RC"]
[PlyCount "46"]
[EventDate "2023.11.13"]
[EventType "swiss"]
[EventCountry "ITA"]
[SourceTitle "playchess.com"]
[Source "ChessBase"]
[SourceQuality "1"]
[TimeControl "40/5400+30:1800+30"]

1. e4 c5 2. Nf3 d6 3. d4 cxd4 4. Nxd4 Nf6 5. Nc3 g6 6. Be3 Nc6 7. f3 h5 8. Qd2 Nxd4 9. Bxd4 Bh6 10. Be3 Bxe3 11. Qxe3 Be6 12. O-O-O Qa5 13. Kb1 a6 14. Qd4 Rc8 15. Bd3 b5 16. Rhe1 O-O 17. Nd5 Bxd5 18. exd5 Rc7 19. f4 b4 20. f5 Qxd5 21. Qh4 g5 22. Qxg5+ Kh7 23. Qh4 Kg8 1-0

[Event "FIDE WYCC Open U18 2023"]
[Site "Montesilvano"]
[Date "2023.11.24"]
[Round "11.22"]
[White "Goroshkov, Maksym"]
[Black "Silva, Pedro Gil Ferreira D"]
[Result "1/2-1/2"]
[ECO "E11"]
[WhiteElo "2303"]
[BlackElo "2203"]
[Annotator "RC"]
[PlyCount "76"]
[EventDate "2023.11.13"]
[EventType "swiss"]
[EventCountry "ITA"]
[SourceTitle "playchess.com"]
[Source "ChessBase"]
[SourceQuality "1"]
[TimeControl "40/5400+30:1800+30"]

1. d4 Nf6 2. c4 e6 3. Nf3 Bb4+ 4. Bd2 a5 5. a3 Bxd2+ 6. Qxd2 d6 7. Nc3 Nc6 8. d5 Ne7 9. e4 e5 10. Bd3 c6 11. O-O-O cxd5 12. exd5 O-O 13. Qc2 Qc7 14. Nxe5 dxe5 15. d6 Qd8 16. dxe7 Qxe7 17. Rhe1 Qc7 18. Nd5 Nxd5 19. Bxh7+ Kh8 20. cxd5 Qd6 21. Bd3 Bg4 22. Qa4 Bxd1 23. Qh4+ Qh6+ 24. Qxh6+ gxh6 25. Kxd1 Rg8 26. g3 Rad8 27. Be4 f5 28. Bxf5 Rxd5+ 29. Ke2 Rgd8 30. Kf3 Rb5 31. Re2 Kg7 32. Be4 Kf6 33. Kg4 Rg8+ 34. Kh5 Rg5+ 35. Kh4 Rg7 36. Kh5 Rg5+ 37. Kh4 Rg7 38. Kh5 Rg5+ 1/2-1/2

[Event "FIDE WYCC Open U18 2023"]
[Site "Montesilvano"]
[Date "2023.11.24"]
[Round "11.23"]
[White "Melian, Juan Sebastian"]
[Black "Khoder, Akram"]
[Result "1/2-1/2"]
[ECO "D11"]
[WhiteElo "2291"]
[BlackElo "2191"]
[Annotator "RC"]
[PlyCount "56"]
[EventDate "2023.11.13"]
[EventType "swiss"]
[EventCountry "ITA"]
[SourceTitle "playchess.com"]
[Source "ChessBase"]
[SourceQuality "1"]
[TimeControl "40/5400+30:1800+30"]

1. d4 d5 2. c4 c6 3. Nf3 Nf6 4. g3 Bf5 5. Nc3 e6 6. Nh4 dxc4 7. Nxf5 exf5 8. e3 Bd6 9. Bxc4 O-O 10. Qf3 g6 11. h3 Qe7 12. Bd2 Rd8 13. g4 c5 14. O-O-O Nc6 15. Rhe1 a6 16. gxf5 Rac8 17. fxg6 hxg6 18. Kb1 b5 19. Nd5 Qe4+ 20. Qxe4 Nxe4 21. Bf1 Nxf2 22. Rc1 Bg3 23. e4 c4 24. b3 Nxe4 25. Rxe4 Rxd5 26. bxc4 Rxd4 27. Rxd4 Nxd4 28. Bc3 Bf2 1/2-1/2

[Event "FIDE WYCC Open U18 2023"]
[Site "Montesilvano"]
[Date "2023.11.24"]
[Round "11.24"]
[White "Stepanencu, Nicodim-Cosmin"]
[Black "Chinguun Bayaraa"]
[Result "1-0"]
[ECO "E12"]
[WhiteElo "2289"]
[BlackElo "2193"]
[Annotator "RC"]
[PlyCount "79"]
[EventDate "2023.11.13"]
[EventType "swiss"]
[EventCountry "ITA"]
[SourceTitle "playchess.com"]
[Source "ChessBase"]
[SourceQuality "1"]
[TimeControl "40/5400+30:1800+30"]

1. Nf3 Nf6 2. c4 b6 3. Nc3 Bb7 4. d4 e6 5. a3 d6 6. g3 Nbd7 7. Bg2 Be7 8. O-O O-O 9. Qc2 c5 10. e4 cxd4 11. Nxd4 Rc8 12. b3 e5 13. Nf5 Nc5 14. Rd1 g6 15. Nxe7+ Qxe7 16. f3 a6 17. a4 Ne8 18. Bh3 Rb8 19. b4 Ne6 20. Be3 N8g7 21. Qd2 Qf6 22. Kg2 Ba8 23. Nd5 Qd8 24. a5 bxa5 25. Rxa5 Bxd5 26. cxd5 Nc7 27. Rc1 Rb7 28. Rc6 Qb8 29. Rxd6 Rxb4 30. Ra2 a5 31. Bc5 Rb3 32. Rc6 Rd8 33. Be7 Nce8 34. Bxd8 Qxd8 35. d6 Qf6 36. d7 Qxf3+ 37. Kg1 Rd3 38. d8=Q Rxd8 39. Qxd8 Qe3+ 40. Rf2 1-0

[Event "FIDE WYCC Open U18 2023"]
[Site "Montesilvano"]
[Date "2023.11.24"]
[Round "11.26"]
[White "Schlegel, Igor"]
[Black "Gagic, Milan A"]
[Result "1-0"]
[ECO "A01"]
[WhiteElo "2251"]
[BlackElo "2164"]
[Annotator "RC"]
[PlyCount "89"]
[EventDate "2023.11.13"]
[EventType "swiss"]
[EventCountry "ITA"]
[SourceTitle "playchess.com"]
[Source "ChessBase"]
[SourceQuality "1"]
[TimeControl "40/5400+30:1800+30"]

1. b3 e5 2. Bb2 Nc6 3. e3 g6 4. f4 Bg7 5. Nf3 d6 6. Bb5 Nge7 7. fxe5 O-O 8. O-O dxe5 9. Bc4 h6 10. e4 Be6 11. Bxe6 fxe6 12. Na3 g5 13. Nc4 Ng6 14. h3 b5 15. Ne3 Nd4 16. Nh2 Nf4 17. Rf2 h5 18. Ba3 Rf6 19. Bc5 Bf8 20. Bxf8 Qxf8 21. Kh1 Qg7 22. c3 Nc6 23. Qf1 a6 24. g3 Raf8 25. gxf4 exf4 26. Nc2 g4 27. hxg4 hxg4 28. Nxg4 Qh7+ 29. Rh2 Qxe4+ 30. Qg2 Qxg2+ 31. Rxg2 Rg6 32. Nf2 Kg7 33. Re1 e5 34. Nd3 Rxg2 35. Kxg2 Rd8 36. Ncb4 Nxb4 37. Nxb4 Rxd2+ 38. Kf3 Kf6 39. Re2 Rd6 40. Ke4 c5 41. Nd5+ Ke6 42. Rh2 Rd8 43. Rh6+ Kd7 44. Kxe5 f3 45. Rd6+ 1-0

[Event "FIDE WYCC Open U18 2023"]
[Site "Montesilvano"]
[Date "2023.11.24"]
[Round "11.27"]
[White "Krallis, Christos"]
[Black "Prisacaru, Stefan-Emilian"]
[Result "1/2-1/2"]
[ECO "D11"]
[WhiteElo "2339"]
[BlackElo "2148"]
[Annotator "RC"]
[PlyCount "65"]
[EventDate "2023.11.13"]
[EventType "swiss"]
[EventCountry "ITA"]
[SourceTitle "playchess.com"]
[Source "ChessBase"]
[SourceQuality "1"]
[TimeControl "40/5400+30:1800+30"]

1. Nf3 d5 2. e3 Nf6 3. c4 c6 4. d4 Bg4 5. Nc3 e6 6. h3 Bxf3 7. Qxf3 Nbd7 8. cxd5 exd5 9. Bd3 Bd6 10. Bd2 Qe7 11. O-O-O O-O-O 12. Rhe1 Rhe8 13. e4 dxe4 14. Nxe4 Nxe4 15. Rxe4 Qf6 16. Rxe8 Rxe8 17. Bf5 Kc7 18. Qd3 Nb6 19. Kb1 g6 20. Be4 Qe6 21. Bf3 Qc4 22. Ba5 Qxd3+ 23. Rxd3 Kb8 24. Bxb6 axb6 25. Re3 Re7 26. Kc2 Kc7 27. a4 h6 28. Kd3 Kd8 29. Kc4 Bf4 30. Rc3 Re1 31. d5 Kc7 32. dxc6 bxc6 33. Kd4 1/2-1/2

[Event "FIDE WYCC Open U18 2023"]
[Site "Montesilvano"]
[Date "2023.11.24"]
[Round "11.28"]
[White "Bicer, Atakan Mert"]
[Black "Bermudez Ureba, Juan Diego"]
[Result "1-0"]
[ECO "C78"]
[WhiteElo "2318"]
[BlackElo "2186"]
[Annotator "RC"]
[PlyCount "63"]
[EventDate "2023.11.13"]
[EventType "swiss"]
[EventCountry "ITA"]
[SourceTitle "playchess.com"]
[Source "ChessBase"]
[SourceQuality "1"]
[TimeControl "40/5400+30:1800+30"]

1. e4 e5 2. Nf3 Nc6 3. Bb5 a6 4. Ba4 Nf6 5. O-O Bc5 6. c3 b5 7. Bb3 d6 8. d4 Bb6 9. h3 Bb7 10. Re1 O-O 11. a4 Re8 12. d5 Na5 13. Ba2 c6 14. Bg5 cxd5 15. Bxd5 Bxd5 16. Bxf6 Qxf6 17. Qxd5 Qe6 18. Nfd2 Qxd5 19. exd5 bxa4 20. Rxa4 Bc7 21. Na3 Nb7 22. Rc4 Rec8 23. Nc2 a5 24. Ra1 Kf8 25. b4 Ke7 26. Nb3 Kd7 27. bxa5 Nxa5 28. Nxa5 Bxa5 29. Rca4 Rc5 30. c4 Kc7 31. Nb4 Kb6 32. Nd3 1-0